 Dungeon Crawl Stone Soup version 0.25-a0-990-g0adbbaad2a (webtiles) character file.

Game seed: 11723261822782073057, levelgen mode: deterministic

840 P0NYSLAYSTATION the Slasher (level 7, -1/61 HPs)
             Began as a Minotaur Monk on May 10, 2020.
             Slain by an orc warrior
             ... wielding a +1 flail of venom
              (31 damage)
             ... on level 10 of the Dungeon.
             The game lasted 00:10:06 (2517 turns).

P0NYSLAYSTATION the Slasher (Minotaur Monk)         Turns: 2517, Time: 00:10:06

Health: -1/61      AC:  7    Str: 18    XL:     7   Next: 67%
Magic:  9/9        EV: 13    Int:  7    God:
Gold:   75         SH:  0    Dex: 12    Spells: 8/9 levels left

rFire    . . .     SeeInvis .   o - +3 quarterstaff (chaos)
rCold    . . .     Gourm    .   (shield currently unavailable)
rNeg     . . .     Faith    .   h - +0 ring mail
rPois    .         Spirit   .   (helmet restricted)
rElec    .         Reflect  .   n - +0 cloak
rCorr    .         Harm     .   (no gloves)
MR       .....     Clarity  +   (no boots)
Stlth    +.........             (no amulet)
HPRegen  0.20/turn              (no ring)
MPRegen  0.11/turn              (no ring)

@: lethally poisoned (-1 -> -30)
A: retaliatory headbutt, horns 2, clarity, high mp 1, screaming 1, subdued magic
1
a: no special abilities


You were on level 10 of the Dungeon.
You were not hungry.

You visited 1 branch of the dungeon, and saw 10 of its levels.

You collected 75 gold pieces.

Inventory:

Hand Weapons
 a - a +0 falchion
 i - a +0 mace of holy wrath
 j - a +1 mace of protection
 k - a cursed -2 mace
 l - a +1 mace of holy wrath
 o - a +3 quarterstaff of chaos (weapon)
 p - a +2 mace of holy wrath
Missiles
 f - a javelin (quivered)
Armour
 b - a +0 robe
 h - a +0 ring mail (worn)
 n - a +0 cloak (worn)
Scrolls
 d - 2 scrolls of amnesia {unknown}
 e - a scroll of enchant armour {unknown}
 q - 2 scrolls of identify {unknown}
Potions
 m - a potion of degeneration {unknown}
Comestibles
 c - 2 rations
 g - a chunk of flesh


   Skills:
 + Level 5.2 Fighting
 - Level 5.2 Long Blades
 * Level 2.2 Staves
 + Level 0.8 Throwing
 * Level 5.1 Armour
 + Level 4.7 Dodging
 + Level 2.1 Stealth
 * Level 1.6 Spellcasting
 * Level 1.9 Necromancy


You had 8 spell levels left.
You knew the following spells:

 Your Spells              Type           Power        Failure   Level  Hunger
a - Animate Skeleton      Necr           N/A          26%         1    ##.....

Your spell library contained the following spells:

 Spells                   Type           Power        Failure   Level  Hunger
 Apportation              Tloc           #.....       52%         1    ##.....
 Corona                   Hex            #......      52%         1    ##.....
 Summon Small Mammal      Summ           #...         52%         1    ##.....


Dungeon Overview and Level Annotations

Branches:
Dungeon (10/15)
 Temple: D:4-7         Lair: D:8-11         Orc: D:9-12

Altars:
Cheibriados
Okawaru


Innate Abilities, Weirdness & Mutations

You reflexively headbutt those who attack you in melee.
You have a pair of horns on your head.
You possess an exceptional clarity of mind.
You have an increased reservoir of magic. (+10% MP)
You occasionally shout uncontrollably at your foes.
Your spells are a little easier to cast, but a little less powerful.


Message History

You closely miss the orc warrior.
You feel sick. The orc warrior closely misses you.
You sock the orc warrior!
The orc warrior seems to grow stronger.
You headbutt the orc warrior, but do no damage.
The orc warrior is moderately wounded.
You feel sick.
The orc warrior hits you with a +1 flail of venom.
You are more poisoned.
You hit the orc warrior but do no damage.
You headbutt the orc warrior!
The orc warrior is heavily wounded.
You feel sick.
The orc warrior hits you with a +1 flail of venom.
You are more poisoned.
You barely miss the orc warrior.
The orc warrior is heavily wounded.
You feel very sick.
The orc warrior hits you with a +1 flail of venom!!
Ouch! That really hurt!
You die...

########
#..[@..#
##.#o#.#
#. ..# #
# ...#
#####


You could see an orc warrior (strong).

Vanquished Creatures
  2 ice beasts
  2 phantoms (D:5)
  2 centaurs (D:5)
  2 crimson imps (D:5)
  A centaur zombie (D:5)
  A hound (D:6)
  A quasit (D:5)
  Crazy Yiuf (D:5)
  An orc wizard (D:8)
  3 worker ants
  2 adders (D:3)
  A leopard gecko (D:5)
  4 orcs
  3 giant cockroaches
  A hobgoblin (D:2)
  A frilled lizard (D:5)
  A giant cockroach zombie (D:6)
  2 kobolds
  A quokka skeleton (D:2)
  A rat (D:3)
33 creatures vanquished.

Notes
Turn   | Place    | Note
-------+----------+-------------------------------------------
     0 | D:1      | P0NYSLAYSTATION the Minotaur Monk began the quest for the
                  | Orb.
     0 | D:1      | Reached XP level 1. HP: 19/19 MP: 0/0
    82 | D:3      | Reached XP level 2. HP: 10/27 MP: 1/1
   313 | D:3      | Reached skill level 1 in Armour
   378 | D:4      | Reached XP level 3. HP: 27/33 MP: 2/2
   381 | D:5      | Entered Level 5 of the Dungeon
   434 | D:5      | Reached XP level 4. HP: 20/41 MP: 3/3
   455 | D:5      | Learned a level 1 spell: Animate Skeleton
   631 | D:6      | Found an iron altar of Okawaru.
   635 | D:6      | Noticed a manticore
   636 | D:6      | Noticed an ogre
   636 | D:6      | Noticed a phantom
   654 | D:5      | Reached XP level 5. HP: 19/47 MP: 4/4
   913 | D:5      | Noticed a phantom
   949 | D:5      | Killed a phantom
  1151 | D:6      | Gained mutation: You occasionally shout uncontrollably at
                  | your foes. [potion of mutation]
  1151 | D:6      | Gained mutation: You possess an exceptional clarity of
                  | mind. [potion of mutation]
  1151 | D:6      | Gained mutation: Your spells are a little easier to cast,
                  | but a little less powerful. [potion of mutation]
  1151 | D:6      | Gained mutation: You have an increased reservoir of magic.
                  | (+10% MP) [potion of mutation]
  1169 | D:5      | Reached skill level 5 in Long Blades
  1169 | D:5      | Reached skill level 1 in Necromancy
  1372 | D:5      | Reached XP level 6. HP: 46/55 MP: 6/6
  1516 | D:5      | Found a snail-covered altar of Cheibriados.
  1540 | D:5      | Reached skill level 5 in Fighting
  1540 | D:5      | Reached skill level 1 in Spellcasting
  1641 | D:5      | Found a runed translucent door.
  1642 | D:5      | Noticed Crazy Yiuf
  1650 | D:5      | Killed Crazy Yiuf
  1921 | D:5      | Reached XP level 7. HP: 24/61 MP: 8/8
  2149 | D:5      | Reached skill level 1 in Staves
  2498 | D:8      | Reached skill level 5 in Armour
  2510 | D:10     | Entered Level 10 of the Dungeon
  2517 | D:10     | Slain by an orc warrior

Illustrated notes

Levels and vault maps discovered:
D:1:      dpeg_arrival_simpleton_b, layout_basic, chequers_big_river
D:2:      kb_forest_paths, layout_basic, hangedman_decor_lopped,
          nicolae_gozag_seed_capital
D:3:      layout_rooms, chequers_temple_overflow_minitemple, first_ration,
          uniq_ijyb
D:4:      layout_loops_cross, kiku_gazebo_pond_becter, uniq_sigmund
D:5:      layout_loops_cross, basic_altar, uniq_crazy_yiuf_cottage
D:6:      layout_basic, lemuel_crystal_altar, temple_statues, okawaru_trees_1
D:7:      layout_loops_ring, kennysheep_generic_room_13
D:8:      layout_basic, uniq_maggie
D:9:      layout_irregular_city, lemuel_doored_altar,
          ebering_ghost_disaster_area
D:10:     layout_basic, david_lair_shrubbed, hangedman_fish_farm, uniq_fannar,
          uniq_grum

Skill      XL: |  1  2  3  4  5  6  7 |
---------------+----------------------+-----
Fighting       | 4 5 |  5.2
Armour         | 1 2 3 5 |  5.1
Long Blades    | 4 5 |  5.2
Dodging        | 4 |  4.7
Necromancy     | 1 |  1.9
Spellcasting   | 1 |  1.6
Stealth        | 2 |  2.1
Staves         | 2 |  2.2
Throwing       | |  0.8

Action                   |  1- 3 |  4- 6 |  7- 9 || total
-------------------------+-------+-------+-------++-------
Melee: Falchion          |    56 |    69 |       ||   125
       Headbutt          |     8 |    12 |     8 ||    28
       Quarterstaff      |       |     1 |    23 ||    24
Throw: Javelin           |     1 |     9 |     3 ||    13
 Cast: Animate Skeleton  |       |       |     2 ||     2
  Use: Potion            |       |     3 |       ||     3
       Scroll            |       |     1 |       ||     1
 Stab: Sleeping          |     1 |     1 |     1 ||     3
  Eat: Ration            |       |     1 |     1 ||     2
Armor: Robe              |     9 |     9 |       ||    18
       Ring mail         |       |    12 |     3 ||    15
Dodge: Dodged            |    43 |    78 |     9 ||   130
       Rpst.: Falchion   |    11 |    13 |       ||    24

Table legend:
 A = Non-vault XP
 B = Vault XP
 C = Vault XP percentage of total XP
 D = Non-vault monster count
 E = Vault monster count
 F = Vault count percentage of total count
                 A         B        C        D         E       F
            +---------+---------+-------+---------+---------+-------
      Total |    1161 |      39 |   3.2 |      32 |       1 |   3.0
            +---------+---------+-------+---------+---------+-------
        D:2 |       3 |       0 |   0.0 |       2 |       0 |   0.0
        D:3 |      31 |       0 |   0.0 |       5 |       0 |   0.0
        D:4 |      33 |       0 |   0.0 |       1 |       0 |   0.0
        D:5 |     733 |      39 |   5.1 |      15 |       1 |   6.2
        D:6 |     176 |       0 |   0.0 |       3 |       0 |   0.0
        D:8 |     179 |       0 |   0.0 |       4 |       0 |   0.0
       D:10 |       6 |       0 |   0.0 |       2 |       0 |   0.0
            +---------+---------+-------+---------+---------+-------
